 Dungeon Crawl Stone Soup version 0.29-a0-284-gf9362112df (webtiles) character file.

Game seed: 4198789896592670609

46 siradein the Insei (level 3, -2/23 HPs)
             Began as an Octopode Transmuter on Mar 31, 2022.
             Slain by an orc priest
             ... wielding a +0 club
              (6 damage)
             ... on level 3 of the Dungeon.
             The game lasted 00:05:40 (1423 turns).

siradein the Insei (Octopode Transmuter)            Turns: 1423, Time: 00:05:40

Health: -2/23      AC:  1    Str:  9    XL:     3   Next: 66%
Magic:  6/6        EV: 13    Int: 17    God:
Gold:   118        SH:  0    Dex: 12    Spells: 0/6 levels left

rFire   . . .      SeeInvis .   a - +2 dagger (speed)
rCold   + . .      Faith    .   (no shield)
rNeg    . . .      Spirit   .   (helmet currently unavailable)
rPois   .          Reflect  .   (no amulet)
rElec   .          Harm     .   (no ring)
rCorr   .          Rampage  .   (no ring)
Will    .....                   (no ring)
Stlth   ++........              (no ring)
HPRegen 0.07/turn               (no ring)
MPRegen 0.10/turn               (no ring)
                                (no ring)
                                (no ring)

@: appendages
A: tentacle spike 3, almost no armour, amphibious, 8 rings, camouflage 1,
gelatinous body 1, (nimble swimmer 1), tentacles, cold resistance 1, wild magic
1
a: End Transformation


You were on level 3 of the Dungeon.
One of your tentacles had grown a beastly spike.
You visited 1 branch of the dungeon, and saw 3 of its levels.

You collected 118 gold pieces.

Inventory:

Hand Weapons
 a - a +2 dagger of speed (weapon)
 b - a +0 hunting sling of freezing
Scrolls
 k - 2 scrolls of magic mapping
 m - a scroll of silence {unknown}
 n - a scroll of brand weapon {unknown}
Potions
 c - a potion of lignification
 d - a potion of mutation
 f - a potion of heal wounds
 g - a potion of attraction {unknown}
 h - a potion of curing {unknown}
 i - 2 potions of brilliance {unknown}
 j - a potion of magic {unknown}
 l - a potion of ambrosia {unknown}


   Skills:
 + Level 1.6 Fighting
 + Level 2.3 Dodging
 + Level 3.3 Unarmed Combat
 + Level 2.3 Spellcasting
 * Level 2.7 Transmutations
 + Level 0.0 Poison Magic


You couldn't memorise any spells.
You knew the following spells:

 Your Spells              Type           Power      Damage    Failure   Level
a - Beastly Appendage     Tmut           28%        N/A       10%         1
b - Spider Form           Tmut/Pois      8%         N/A       41%         3
c - Wereblood             Tmut           14%        N/A       13%         2

Your spell library contained the following spells:

 Spells                   Type           Power      Damage    Failure   Level
 Ice Form                 Ice/Tmut       8%         N/A       78%         4


Dungeon Overview and Level Annotations

Branches:
Dungeon (3/15)

Altars:


Innate Abilities, Weirdness & Mutations

One of your tentacles has grown a beastly spike.
You cannot wear most types of armour.
You are amphibious.
You can wear up to eight rings at the same time.
Your skin changes colour to match your surroundings (Stealth+).
Your rubbery body absorbs attacks. (AC +1, EV +1)
((You are camouflaged when in or above water. (Stealth+)))
You have tentacles for arms and can constrict up to eight enemies at once.
Your flesh is cold resistant. (rC+)
Your spells are a little harder to cast, but a little more powerful.


Message History

You shoot a sling bullet. The sling bullet misses the bat.
The bat hits you. The goblin hits you with a +0 dagger.
You shoot a sling bullet. The sling bullet hits the goblin.
The sling bullet freezes the goblin.
You kill the goblin!
You shoot a sling bullet. The sling bullet hits the orc.
The sling bullet freezes the orc.
The orc is moderately wounded.
The orc hits you with a +0 dagger.
You shoot a sling bullet.
The sling bullet closely misses the orc.
The bat closely misses you. The orc hits you but does no damage.
You shoot a sling bullet.
The sling bullet hits the orc but does no damage.
The orc is moderately wounded.
The bat barely misses you. The orc barely misses you. x2
You shoot a sling bullet. The sling bullet hits the orc.
The sling bullet freezes the orc.
The orc is heavily wounded.
The bat hits you. x2; The bat barely misses you.
The orc hits you with a +0 dagger.
You are too injured to fight recklessly!
You are too injured to fight recklessly!
Really attack while wielding your +0 hunting sling of freezing? [Y]es or [N]o only, please.
Really attack while wielding your +0 hunting sling of freezing? [Y]es or [N]o only, please.
Really attack while wielding your +0 hunting sling of freezing?
Okay, then.
There are monsters nearby!
There are monsters nearby!
Your +0 hunting sling of freezing stops glowing.
Your tentacles tingle!
a - a +2 dagger of speed (weapon)
The orc hits you with a +0 dagger.
* * * LOW HITPOINT WARNING * * *
The orc attacks as you move away! The orc hits you with a +0 dagger.
* * * LOW HITPOINT WARNING * * *
The bat hits you but does no damage. The orc priest hits you with a +0 club.
You die...

# ###... .... ...##.
..##.....
#....##........
#....g..>..
#.####..... # ##.#
... #. #.o##### #
...##.#.#....#
..........#@...#
.......###.o.b..#
.....#.# ###....#
.......#####....#
....#..##.......#
##.......##....# .###
#......)###....#
....##..##†<....#####
.............#....###


You could see an orc priest, an orc and a bat.

Vanquished Creatures
  4 ball pythons
  3 endoplasms
  9 goblins
  6 hobgoblins (D:2)
  3 jackals (D:2)
  A quokka (D:2)
  3 bats
  2 frilled lizards
  4 kobolds (D:1)
  4 rats
39 creatures vanquished.

Notes
Turn   | Place    | Note
-------+----------+-------------------------------------------
     0 | D:1      | siradein the Octopode Transmuter began the quest for the
                  | Orb.
     0 | D:1      | Reached XP level 1. HP: 13/13 MP: 3/3
   146 | D:1      | Reached XP level 2. HP: 18/18 MP: 5/5
   739 | D:2      | Reached XP level 3. HP: 23/23 MP: 6/6
   743 | D:2      | Learned a level 3 spell: Spider Form
   746 | D:2      | Learned a level 2 spell: Wereblood
  1264 | D:2      | Gained mutation: Your flesh is cold resistant. (rC+)
                  | [potion of mutation]
  1264 | D:2      | Gained mutation: Your spells are a little harder to cast,
                  | but a little more powerful. [potion of mutation]
  1423 | D:3      | Slain by an orc priest

Illustrated notes

Levels and vault maps discovered:
D:1:      giann_forest_graveyard, layout_rooms
D:2:      layout_rooms, minmay_goblin_outpost
D:3:      layout_rooms, cheibrodos_sewer_entry_bend, grunt_decor_mini_mirrors

Action                   || total
-------------------------++-------
Melee: Spear             ||     3
       Constrict         ||     6
       Dagger            ||    14
       Kick              ||     7
       Tentacles         ||     4
 Fire: Hunting sling     ||    76
 Cast: Beastly Appendage ||     5
  Use: Scroll            ||     3
       Potion            ||     1
Armor: Skin              ||     4
Dodge: Dodged            ||    24

Table legend: (Time is in decaauts)
 A = Elapsed time spent in this place.
 B = Non-inter-level travel time spent in this place.
 C = Inter-level travel time spent in this place.
 D = Time resting spent in this place.
 E = Time spent auto-exploring this place.
 F = Levels seen in this place.
 G = Mean time per level.
                   A        B        C        D        E       F      G
               +--------+--------+--------+--------+--------+-----+--------+
         Total |   1450 |   1437 |     13 |    280 |    786 |   3 |  483.3 |
       Dungeon |   1450 |   1437 |     13 |    280 |    786 |   3 |  483.3 |
               +--------+--------+--------+--------+--------+-----+--------+

Top non-repeatable levels by time:
     D:2: 892 daAuts
     D:1: 407 daAuts
     D:3: 150 daAuts
